 Dungeon Crawl Stone Soup version 0.30-b1-2-g02819fbbbe (webtiles) character file.

Game seed: 7951158628192052642

41 LLlMATKO the Trooper (level 3, -1/49 HPs)
             Began as a Minotaur Berserker on Nov 11, 2023.
             Was a Follower of Trog.
             Succumbed to an orc wizard's poison
             ... on level 3 of the Dungeon.
             The game lasted 00:00:58 (2028 turns).

LLlMATKO the Trooper (Minotaur Berserker)           Turns: 2028, Time: 00:00:58

Health: -1/49      AC:  9    Str: 23    XL:     3   Next: 32%
Magic:  2/2        EV:  9    Int:  4    God:    Trog [*.....]
Gold:   134        SH:  0    Dex:  9    Spells: 2/2 levels left

rFire   . . .        a - +0 hand axe
rCold   . . .        (no shield)
rNeg    . . .        f - +0 chain mail
rPois   .            (helmet restricted)
rElec   .            (no cloak)
rCorr   .            (no gloves)
SInv    .            (no boots)
Will    .....        (no amulet) Stlth
                     (no ring)
HPRegen 0.28/turn    (no ring)
MPRegen 0.08/turn

%: no passive effects
@: berserking (expiring), lethally poisoned (-1 -> -14), very quick
A: horns 2, retaliatory headbutt
a: Renounce Religion, Berserk


You were on level 3 of the Dungeon.
You worshipped Trog.
Trog was aware of your devotion.
You visited 1 branch of the dungeon, and saw 3 of its levels.

You collected 134 gold pieces.

Inventory:

Hand Weapons
 a - a +0 hand axe (weapon)
Missiles
 i - 4 poisoned darts (quivered)
Armour
 f - a +0 chain mail (worn)
Scrolls
 b - a scroll of fog {unknown}
 c - 3 scrolls of identify {unknown}
 e - a scroll of poison {unknown}
 h - 2 scrolls of noise {unknown}
Potions
 d - a potion of mutation {unknown}
 g - 3 potions of heal wounds {unknown}
 j - a potion of ambrosia {unknown}
 k - a potion of degeneration {unknown}


   Skills:
 + Level 4.2 Fighting
 + Level 4.1 Axes
 + Level 3.1 Armour
 + Level 2.7 Dodging


You had 2 spell levels left.
You didn't know any spells.
Your spell library was empty.

Dungeon Overview and Level Annotations

Branches:
Dungeon (3/15)

Altars:

Shops:
D:1 *


Innate Abilities, Weirdness & Mutations

You have a pair of horns on your head.
You reflexively headbutt those who attack you in melee.


Message History

You slash the orc!
You kill the orc!
Trog accepts your kill.
You hear some strange, mumbled words.
A magic dart appears from out of thin air!
The magic dart hits you!
Things that are here:
a +0 short sword; an orc corpse Unknown command.
You are too injured to fight recklessly!
Really renounce your faith, foregoing its fabulous benefits?
Okay, then.
Unknown command.
A red film seems to cover your vision as you go berserk!
You feel yourself moving faster!
You feel mighty! Something hits you.
You are poisoned.
The orc priest looks braver for a moment.
You miss something. You hit the orc priest.
You feel very sick.
The orc priest invokes the aid of Beogh against you.
Pain shoots through your body! Something hits you.
You are lethally poisoned!
Unknown command.
You barely miss something. Your headbutt misses something.
You closely miss the orc priest.
* * * LOW HITPOINT WARNING * * *
You feel very sick.
Unknown command.
You closely miss something. Your headbutt misses something.
You slash the orc priest!
* * * LOW HITPOINT WARNING * * *
You feel very sick.
The orc priest hits you but does no damage.
You hear some strange, mumbled words.
A magic dart appears from out of thin air!
The magic dart hits you!
* * * LOW HITPOINT WARNING * * *
You hit something. Your headbutt misses something.
You barely miss the orc priest.
You die...

## ### ## .. .....#
#. #.##.## ..##.##..
#....##.# # #.
#.##.####
....##o##....[..#
......{@)....##.##.#
.#.#########.......#
.. #............##
... #......<.....#
...##..............
...........†.....#.
.###............#
#.......######
#<......#


You could see an orc priest.

Vanquished Creatures
  An adder (D:2)
  An orc (D:3)
  3 bats (D:1)
  2 endoplasms
  A giant cockroach (D:1)
  4 goblins
  3 hobgoblins
  3 jackals (D:2)
  A quokka (D:1)
  A ball python (D:1)
  2 frilled lizards (D:1)
  5 kobolds
  A rat (D:1)
28 creatures vanquished.

Notes
Turn   | Place    | Note
-------+----------+-------------------------------------------
     0 | D:1      | LLlMATKO the Minotaur Berserker began the quest for the
                  | Orb.
     0 | D:1      | Reached XP level 1. HP: 19/19 MP: 0/0
   367 | D:1      | Found Wiwib's Assorted Antiques.
   408 | D:1      | Reached XP level 2. HP: 27/27 MP: 1/1
  1188 | D:2      | Reached XP level 3. HP: 31/33 MP: 2/2
  1315 | D:2      | Identified the +0 leather armour of Doczah {Dex+2 Slay+3}
  1727 | D:2      | Found a faded altar of an unknown god.
  2027 | D:3      | HP: 2/49 [something/magic dart (9)]
  2028 | D:3      | Succumbed to an orc wizard's poison

Illustrated notes

Levels and vault maps discovered:
D:1:      dpeg_arrival_pits, layout_basic, serial_glass, glass_columns_a,
          glass_columns_a, minmay_strange_pillars, minmay_strange_pillars,
          due_unseen_surprise, serial_shops, nicolae_shop_dealshenge,
          minmay_tromino_mix6
D:2:      layout_basic, ebering_ecumenical_altar_webs
D:3:      layout_loops_cross, mainiacjoe_overflow_boulevard,
          lemuel_coloured_pillars_altar, minitemple, minmay_ruptured

Skill      XL: |  1  2 |
---------------+-------+-----
Fighting       | 4 |  4.2
Axes           | 4 |  4.1
Armour         | 3 |  3.1
Dodging        | |  2.7

Action                     || total
---------------------------++-------
  Melee: Hand axe          ||    50
         Headbutt          ||     4
         Punch             ||     1
 Invoke: Berserk           ||     1
 Armour: Animal skin       ||     7
         Chain mail        ||    11
  Dodge: Dodged            ||    30
